TOP OF THE 1ST |
Delaware 1787 BC batting - Pitching for Hammond Herons : RHP Gregory Bahena
|
Pitching: RHP Gregory Bahena
|
|
Batting: RHB David Wooderson
|
0-0: Fly out, F7 (Line Drive, 7S)
|
Batting: RHB José Rodríguez
|
0-0: Foul Ball, location: 2F 0-1: Foul Ball, location: 2F 0-2: Foul Ball, location: 2F 0-2: Ball 1-2: Fly out, F7 (Flyball, 78M)
|
Batting: LHB Juan Ledezma
|
0-0: Foul Ball, location: 2F 0-1: DOUBLE (Line Drive, 89D)
|
Pinch Runner at 2nd Ward Wilberfoss:
|
|
Batting: RHB Norberto Rivera
|
0-0: Ball 1-0: Foul Ball, location: 2F 1-1: Called Strike 1-2: Strikes out swinging
|
Top of the 1st over - 0 run(s), 1 hit(s), 0 error(s), 1 left on base; Delaware 0 - Hammond 0 |
BOTTOM OF THE 1ST |
Hammond Herons batting - Pitching for Delaware 1787 BC : RHP Pedro Reynoso
|
Pitching: RHP Pedro Reynoso
|
|
Now in CF: Ward Wilberfoss
|
|
Batting: LHB Wilson López
|
0-0: Fly out, F7 (Flyball, 78M)
|
Batting: RHB Sixto Estrada
|
0-0: Foul Ball, location: 2F 0-1: SINGLE (Groundball, 56D)
|
Batting: LHB Alfred Miles
|
0-0: Ball 1-0: Ball 2-0: Called Strike 2-1: Foul Ball, location: 2F 2-2: Fielders Choice at 2nd, 4-6 (Groundball, 4)
|
Batting: RHB David Meléndez
|
0-0: Ball 1-0: Fly out, F7 (Flyball, 78M)
|
Bottom of the 1st over - 0 run(s), 1 hit(s), 0 error(s), 1 left on base; Delaware 0 - Hammond 0 |
TOP OF THE 2ND |
Delaware 1787 BC batting - Pitching for Hammond Herons : RHP Gregory Bahena
|
Batting: RHB Randy Sheffield
|
0-0: Ball 1-0: Swinging Strike 1-1: Ball 2-1: Swinging Strike 2-2: Strikes out swinging
|
Batting: RHB John Willoughby
|
0-0: Ball 1-0: Swinging Strike 1-1: Swinging Strike 1-2: Strikes out looking
|
Batting: LHB Chase Popoff
|
0-0: Called Strike 0-1: Swinging Strike 0-2: Ball 1-2: Strikes out swinging
|
Top of the 2nd over - 0 run(s), 0 hit(s), 0 error(s), 0 left on base; Delaware 0 - Hammond 0 |
BOTTOM OF THE 2ND |
Hammond Herons batting - Pitching for Delaware 1787 BC : RHP Pedro Reynoso
|
Batting: RHB Gomez Talone
|
0-0: Ball 1-0: Ball 2-0: Called Strike 2-1: Foul Ball, location: 2F 2-2: Strikes out swinging
|
Batting: RHB José Chávez
|
0-0: Ground out 1-3 (Groundball, 13S)
|
Batting: RHB Mark Frisby
|
0-0: Ball 1-0: Foul Ball, location: 2F 1-1: Foul Ball, location: 2F 1-2: Ball 2-2: Foul Ball, location: 2F 2-2: Ball 3-2: Foul Ball, location: 2F 3-2: Base on Balls
|
Batting: LHB Rubén Aracil
|
0-0: Called Strike 0-1: Called Strike 0-2: Strikes out swinging
|
Bottom of the 2nd over - 0 run(s), 0 hit(s), 0 error(s), 1 left on base; Delaware 0 - Hammond 0 |
TOP OF THE 3RD |
Delaware 1787 BC batting - Pitching for Hammond Herons : RHP Gregory Bahena
|
Batting: LHB Donovan Inman
|
0-0: Called Strike 0-1: Called Strike 0-2: Ball 1-2: Strikes out swinging
|
Batting: RHB Alejandro Sánchez
|
0-0: Foul Ball, location: 2F 0-1: Ball 1-1: Ball 2-1: Ball 3-1: Fly out, F4 (Popup, 4)
|
Batting: RHB David Wooderson
|
0-0: Called Strike 0-1: SINGLE (Groundball, 56S) (infield hit)
|
Batting: RHB José Rodríguez
|
0-0: Ball 1-0: Foul Ball, location: 2F 1-1: Ball 2-1: SINGLE (Groundball, 34S) (infield hit) David Wooderson to second
|
Batting: LHB Ward Wilberfoss
|
0-0: Ball 1-0: Ball 2-0: Foul Ball, location: 2F 2-1: Swinging Strike 2-2: Strikes out swinging
|
Top of the 3rd over - 0 run(s), 2 hit(s), 0 error(s), 2 left on base; Delaware 0 - Hammond 0 |
BOTTOM OF THE 3RD |
Hammond Herons batting - Pitching for Delaware 1787 BC : RHP Pedro Reynoso
|
Batting: LHB Alexis Raimbault
|
0-0: Ball 1-0: Called Strike 1-1: Swinging Strike 1-2: Foul Ball, location: 2F 1-2: Ball 2-2: Foul Ball, location: 2F 2-2: Strikes out looking
|
Batting: LHB Wilson López
|
0-0: Ground out 1-3 (Groundball, 13S)
|
Batting: RHB Sixto Estrada
|
0-0: Ball 1-0: Foul Ball, location: 2F 1-1: Called Strike 1-2: SINGLE (Line Drive, 8LS)
|
Batting: LHB Alfred Miles
|
0-0: Ball 1-0: Fly out, F3 (Line Drive, 34)
|
Bottom of the 3rd over - 0 run(s), 1 hit(s), 0 error(s), 1 left on base; Delaware 0 - Hammond 0 |
TOP OF THE 4TH |
Delaware 1787 BC batting - Pitching for Hammond Herons : RHP Gregory Bahena
|
Batting: RHB Norberto Rivera
|
0-0: Called Strike 0-1: Called Strike 0-2: Foul Ball, location: 2F 0-2: Ground out 4-3 (Groundball, 4)
|
Batting: RHB Randy Sheffield
|
0-0: SINGLE (Line Drive, 6MD)
|
Batting: RHB John Willoughby
|
0-0: Swinging Strike 0-1: Foul Ball, location: 2F 0-2: Ball 1-2: Foul Ball, location: 2F 1-2: Ball 2-2: Foul Ball, location: 2F 2-2: Foul Ball, location: 2F 2-2: Ball 3-2: Strikes out swinging
|
Batting: LHB Chase Popoff
|
0-0: Foul Ball, location: 2F 0-1: Ball 1-1: Foul Ball, location: 2F 1-2: Fly out, F8 (Flyball, 8LM)
|
Top of the 4th over - 0 run(s), 1 hit(s), 0 error(s), 1 left on base; Delaware 0 - Hammond 0 |
BOTTOM OF THE 4TH |
Hammond Herons batting - Pitching for Delaware 1787 BC : RHP Pedro Reynoso
|
Batting: RHB David Meléndez
|
0-0: Ball 1-0: Called Strike 1-1: Swinging Strike 1-2: SINGLE (Flyball, 8RM)
|
Batting: RHB Gomez Talone
|
0-0: SINGLE (Line Drive, 7S) David Meléndez to second
|
Batting: RHB José Chávez
|
0-0: Ball 1-0: SINGLE (Groundball, 15S) (infield hit) David Meléndez to third Gomez Talone to second
|
Batting: RHB Mark Frisby
|
0-0: Called Strike 0-1: Grounds out, U3 (Groundball, 3L) David Meléndez scores Gomez Talone to third
|
Batting: LHB Rubén Aracil
|
0-0: Ball 1-0: DOUBLE (Groundball, 3L) Gomez Talone scores José Chávez scores
|
Batting: LHB Alexis Raimbault
|
0-0: Ball 1-0: Foul Ball, location: 2F 1-1: Ground out 4-3 (Groundball, 4D) Rubén Aracil to third
|
Batting: LHB Wilson López
|
0-0: Swinging Strike 0-1: Foul Ball, location: 2F 0-2: Ball 1-2: Strikes out swinging
|
Bottom of the 4th over - 3 run(s), 4 hit(s), 0 error(s), 1 left on base; Delaware 0 - Hammond 3 |
TOP OF THE 5TH |
Delaware 1787 BC batting - Pitching for Hammond Herons : RHP Gregory Bahena
|
Batting: LHB Donovan Inman
|
0-0: Called Strike 0-1: Ground out U3 (Groundball, 3L)
|
Batting: RHB Alejandro Sánchez
|
0-0: Foul Ball, location: 2F 0-1: Swinging Strike 0-2: Strikes out swinging
|
Batting: RHB David Wooderson
|
0-0: Fly out, F9 (Flyball, 9)
|
Top of the 5th over - 0 run(s), 0 hit(s), 0 error(s), 0 left on base; Delaware 0 - Hammond 3 |
BOTTOM OF THE 5TH |
Hammond Herons batting - Pitching for Delaware 1787 BC : RHP Pedro Reynoso
|
Batting: RHB Sixto Estrada
|
0-0: Called Strike 0-1: Ball 1-1: Swinging Strike 1-2: Ball 2-2: SINGLE (Line Drive, 7LM)
|
Batting: LHB Alfred Miles
|
0-0: Ball 1-0: Called Strike 1-1: Ball 2-1: Ball 3-1: Swinging Strike 3-2: Base on Balls Sixto Estrada to second
|
Batting: RHB David Meléndez
|
0-0: Ball 1-0: Called Strike 1-1: SINGLE (Line Drive, 6) Sixto Estrada to third Alfred Miles to second
|
Batting: RHB Gomez Talone
|
0-0: Ball 1-0: Ball 2-0: Called Strike 2-1: Grounds into double play, 6-4-3 (Groundball, 6) Sixto Estrada scores Alfred Miles to third
|
Batting: RHB José Chávez
|
0-0: Ball 1-0: Ball 2-0: Called Strike 2-1: Ball 3-1: Base on Balls
|
Batting: RHB Mark Frisby
|
0-0: Fielders Choice at 2nd, 5-4 (Groundball, 5)
|
Bottom of the 5th over - 1 run(s), 2 hit(s), 0 error(s), 1 left on base; Delaware 0 - Hammond 4 |
TOP OF THE 6TH |
Delaware 1787 BC batting - Pitching for Hammond Herons : RHP Gregory Bahena
|
Batting: RHB José Rodríguez
|
0-0: Ball 1-0: Foul Ball, location: 2F 1-1: Swinging Strike 1-2: Ball 2-2: Ground out 1-3 (Groundball, P)
|
Batting: LHB Ward Wilberfoss
|
0-0: Called Strike 0-1: Swinging Strike 0-2: Ball 1-2: SINGLE (Line Drive, 5D)
|
Batting: RHB Norberto Rivera
|
0-0: Ball 1-0: Fielders Choice at 2nd, 1-6 (Groundball, 13)
|
Batting: RHB Randy Sheffield
|
0-0: Ball 1-0: Ball Passed Ball! Norberto Rivera to second 2-0: Fly out, F7 (Flyball, 7LS)
|
Top of the 6th over - 0 run(s), 1 hit(s), 0 error(s), 1 left on base; Delaware 0 - Hammond 4 |
BOTTOM OF THE 6TH |
Hammond Herons batting - Pitching for Delaware 1787 BC : RHP Pedro Reynoso
|
Batting: LHB Rubén Aracil
|
0-0: Ball 1-0: Called Strike 1-1: Ball 2-1: Foul Ball, location: 2F 2-2: Ball 3-2: SINGLE (Line Drive, 56D)
|
Batting: LHB Alexis Raimbault
|
0-0: Swinging Strike 0-1: Ball 1-1: Fly out, F9 (Flyball, 9LS)
|
Batting: LHB Wilson López
|
0-0: Ball 1-0: Ball 2-0: Fly out, F9 (Flyball, 9S)
|
Batting: RHB Sixto Estrada
|
0-0: Ball 1-0: Ball 2-0: Ball 3-0: Base on Balls Rubén Aracil to second
|
Batting: LHB Alfred Miles
|
0-0: Foul Ball, location: 2F 0-1: Ground out U3 (Groundball, 3)
|
Bottom of the 6th over - 0 run(s), 1 hit(s), 0 error(s), 2 left on base; Delaware 0 - Hammond 4 |
TOP OF THE 7TH |
Delaware 1787 BC batting - Pitching for Hammond Herons : RHP Gregory Bahena
|
Batting: RHB John Willoughby
|
0-0: Ball 1-0: Called Strike 1-1: Foul Ball, location: 2F 1-2: Foul Ball, location: 2F 1-2: Strikes out swinging
|
Batting: LHB Chase Popoff
|
0-0: Ball 1-0: Foul Ball, location: 2F 1-1: Called Strike 1-2: Ball 2-2: Fly out, F7 (Flyball, 7)
|
Batting: LHB Donovan Inman
|
0-0: Ball 1-0: Ball 2-0: Swinging Strike 2-1: SINGLE (Line Drive, 8LS)
|
Pitching: RHP Luis Vega
|
|
Batting: RHB Alejandro Sánchez
|
0-0: Called Strike 0-1: Ball 1-1: Swinging Strike 1-2: Ball 2-2: Ball 3-2: Fly out, F7 (Flyball, 7)
|
Top of the 7th over - 0 run(s), 1 hit(s), 0 error(s), 1 left on base; Delaware 0 - Hammond 4 |
BOTTOM OF THE 7TH |
Hammond Herons batting - Pitching for Delaware 1787 BC : RHP Pedro Reynoso
|
Batting: RHB David Meléndez
|
0-0: Ball 1-0: Ball 2-0: Called Strike 2-1: Called Strike 2-2: Strikes out swinging
|
Batting: RHB Gomez Talone
|
0-0: Called Strike 0-1: Swinging Strike 0-2: Foul Ball, location: 2F 0-2: Foul Ball, location: 2F 0-2: Ball 1-2: Strikes out swinging
|
Batting: RHB José Chávez
|
0-0: Ground out 1-3 (Groundball, 13)
|
Bottom of the 7th over - 0 run(s), 0 hit(s), 0 error(s), 0 left on base; Delaware 0 - Hammond 4 |
TOP OF THE 8TH |
Delaware 1787 BC batting - Pitching for Hammond Herons : RHP Luis Vega
|
Batting: RHB David Wooderson
|
0-0: Ball 1-0: Reached on error, E6 (Groundball, 6)
|
Batting: RHB José Rodríguez
|
0-0: Ball 1-0: Called Strike 1-1: Foul Ball, location: 2F 1-2: Strikes out looking
|
Batting: LHB Ward Wilberfoss
|
0-0: Ball 1-0: Ball 2-0: Called Strike 2-1: Foul Ball, location: 2F 2-2: Strikes out swinging
|
Batting: RHB Norberto Rivera
|
0-0: Ball 1-0: SINGLE (Line Drive, 7LS) David Wooderson to second
|
Pitching: RHP Ernest Hawks
|
|
Batting: RHB Randy Sheffield
|
0-0: Called Strike 0-1: Foul Ball, location: 2F 0-2: Strikes out swinging
|
Top of the 8th over - 0 run(s), 1 hit(s), 1 error(s), 2 left on base; Delaware 0 - Hammond 4 |
TOP OF THE 9TH |
Delaware 1787 BC batting - Pitching for Hammond Herons : RHP Ernest Hawks
|
Batting: RHB John Willoughby
|
0-0: Called Strike 0-1: Ball 1-1: Ball 2-1: Ball 3-1: Swinging Strike 3-2: Foul Ball, location: 2F 3-2: Base on Balls
|
Batting: LHB Chase Popoff
|
0-0: Foul Ball, location: 2F 0-1: Called Strike 0-2: Fly out, F7 (Flyball, 78M)
|
Batting: LHB Donovan Inman
|
0-0: Ground out U3 (Groundball, 3) John Willoughby to second
|
Batting: RHB Alejandro Sánchez
|
0-0: Swinging Strike 0-1: Foul Ball, location: 2F 0-2: Ball 1-2: Strikes out swinging
|
Top of the 9th over - 0 run(s), 0 hit(s), 0 error(s), 1 left on base; Delaware 0 - Hammond 6 |
|